 Dungeon Crawl Stone Soup version 0.29-a0-330-g52719c12eb (webtiles) character file.

Game seed: 10625080446563258171

1238 kae the Firebug (level 8, 0/57 HPs)
             Began as a Demigod Fire Elementalist on Apr 22, 2022.
             Slain by a steam dragon (7 damage)
             ... on level 5 of the Dungeon.
             The game lasted 00:03:29 (6116 turns).

kae the Firebug (Demigod Fire Elementalist)         Turns: 6116, Time: 00:03:29

Health: 0/57       AC:  3    Str: 11    XL:     8   Next: 4%
Magic:  13/17      EV: 13    Int: 29    God:
Gold:   175        SH:  0    Dex: 14    Spells: 6/15 levels left

rFire   . . .      SeeInvis .   f - +7 hand axe of Revolt {drain, Stlth+}
rCold   + + .      Faith    .   (no shield)
rNeg    + . .      Spirit   .   a - +0 robe
rPois   .          Reflect  .   (no helmet)
rElec   .          Harm     .   (no cloak)
rCorr   .          Rampage  .   (no gloves)
Will    .....                   j - +0 pair of boots of the Trombone {rC++ Str+2 Int+4}
Stlth   ++++......              (no amulet)
HPRegen 0.19/turn               m - ring of positive energy
MPRegen 0.15/turn               (no ring)

@: no status effects
A: high MP 1, forlorn, divine attributes
a: no special abilities


You were on level 5 of the Dungeon.
You visited 1 branch of the dungeon, and saw 5 of its levels.

You collected 175 gold pieces.

Inventory:

Hand Weapons
 c - a +2 falchion of holy wrath
 f - the +7 hand axe of Revolt (weapon) {drain, Stlth+}
   (You took it off a kobold on level 2 of the Dungeon)

   A truly terrible weapon, it drains the life of any living foe it strikes.
   Stlth:     It makes you more stealthy.
Missiles
 n - a throwing net
Armour
 a - a +0 robe (worn)
 j - the +0 pair of boots of the Trombone (worn) {rC++ Str+2 Int+4}
   (You found it on level 3 of the Dungeon)

   Str:       It affects your strength (+2).
   Int:       It affects your intelligence (+4).
   rC:        It greatly protects you from cold.
Jewellery
 m - a ring of positive energy (left hand)
Scrolls
 h - a scroll of fog
 i - a scroll of blinking
 o - a scroll of teleportation
Potions
 b - a potion of magic
 d - 2 potions of invisibility
 e - a potion of degeneration
 g - a potion of might
 k - a potion of berserk rage {unknown}
 l - a potion of resistance {unknown}
 p - a potion of curing {unknown}


   Skills:
 + Level 4.3 Dodging
 + Level 4.7 Stealth
 + Level 4.1 Spellcasting
 + Level 4.0 Conjurations
 + Level 4.8 Fire Magic


You had 6 spell levels left.
You knew the following spells:

 Your Spells              Type           Power      Damage    Failure   Level
a - Foxfire               Conj/Fire      100%       2x1d9     1%          1
b - Scorch                Fire           66%        2d8       1%          2
c - Conjure Flame         Conj/Fire      31%        6-21      3%          3
d - Inner Flame           Hex/Fire       19%        N/A       8%          3

Your spell library contained the following spells:

 Spells                   Type           Power      Damage    Failure   Level
 Apportation              Tloc           10%        N/A       7%          1
 Flame Wave               Conj/Fire      31%        2d8       11%         4


Dungeon Overview and Level Annotations

Branches:
Dungeon (5/15)             Temple (0/1) D:5

Annotations:
D:2 Terence


Innate Abilities, Weirdness & Mutations

You have an increased reservoir of magic. (+10% MP)
You shall have no god before yourself.
Your divine heritage dramatically boosts your attributes as you level up.


Message History

The ball of steam hits your foxfire.
Your foxfire resists.
The ball of steam hits your foxfire.
Your foxfire resists.
The ball of steam hits you!
The foxfire hits the steam dragon.
The steam dragon is moderately wounded.
Casting: Foxfire (safe; 1% risk of failure)
Confirm with . or Enter, or press ? or * to list all spells.
You can't see any susceptible monsters within range! (Use Z to cast anyway.)
Casting: Foxfire (safe; 1% risk of failure)
Confirm with . or Enter, or press ? or * to list all spells.
You conjure some foxfire!
You are engulfed in a cloud of scalding steam.
The foxfire hits the steam dragon.
The steam dragon is moderately wounded.
You are engulfed in a cloud of scalding steam.
The foxfire hits the steam dragon.
The steam dragon is heavily wounded.
The foxfire hits the steam dragon but does no damage.
The steam dragon is heavily wounded.
Casting: Foxfire (safe; 1% risk of failure)
Confirm with . or Enter, or press ? or * to list all spells.
You conjure some foxfire!
You are engulfed in a cloud of scalding steam.
You are engulfed in a cloud of scalding steam.
* * * LOW HITPOINT WARNING * * *
The foxfire hits the steam dragon.
The steam dragon is heavily wounded.
The foxfire hits the steam dragon.
The steam dragon is heavily wounded.
The steam dragon breathes steam at you. The ball of steam hits you!
* * * LOW HITPOINT WARNING * * *
Casting: Foxfire (safe; 1% risk of failure)
Confirm with . or Enter, or press ? or * to list all spells.
Flames lash the steam dragon.
The steam dragon is severely wounded.
The steam dragon's fire resistance burns away.
The steam dragon bites you!
You die...

...# #..# #..#
#$.# #..# #..#
##D.#
#.@.##########
#.ยง..........#
#......#####)#
#### #.#.##.#
#.# #..#
#..#.#.# #.#
##.# #.###..#
#.# #.# ##.#
##.## #.#
####.## #.#
##.# #.#
......# ##.#
#.## #.#


You could see a steam dragon (combustible).

Vanquished Creatures
  Sigmund (D:5)
  Menkaure (D:4)
  A water moccasin (D:5)
  2 black bears
  A centaur (D:5)
  An ogre (D:4)
  A scorpion (D:5)
  3 hounds
  A gnoll shaman (D:5)
  4 iguanas
  5 adders
  12 gnolls
  An ufetubus (D:4)
  2 dart slugs
  10 orcs
  2 endoplasms
  5 giant cockroaches
  2 goblins
  8 hobgoblins
  4 jackals (D:1)
  8 ball pythons
  3 bats
  5 kobolds
  4 rats
87 creatures vanquished.

Vanquished Creatures (others)
  350 foxfires
350 creatures vanquished.

Grand Total: 437 creatures vanquished

Notes
Turn   | Place    | Note
-------+----------+-------------------------------------------
     0 | D:1      | kae the Demigod Fire Elementalist began the quest for the
                  | Orb.
     0 | D:1      | Reached XP level 1. HP: 14/14 MP: 5/5
   271 | D:1      | Reached skill level 1 in Conjurations
   413 | D:1      | Reached XP level 2. HP: 3/20 MP: 0/7
   694 | D:1      | Learned a level 2 spell: Scorch
   872 | D:1      | Got Plato's Tome of Dislocation
  1288 | D:2      | Noticed Terence
  1465 | D:2      | Identified the +7 hand axe of Revolt {drain, Stlth+}
  1472 | D:2      | Reached XP level 3. HP: 24/26 MP: 1/8
  1793 | D:2      | Identified the +0 dagger "Iseghus" {venom, *Noise *Slow
                  | rN+++ Dex+8}
  2961 | D:3      | Identified the +0 pair of boots of the Trombone {rC++ Str+2
                  | Int+4}
  3240 | D:3      | Reached XP level 4. HP: 33/33 MP: 6/10
  3447 | D:3      | Learned a level 3 spell: Conjure Flame
  3518 | D:4      | Reached XP level 5. HP: 38/38 MP: 4/11
  4075 | D:4      | Noticed a black bear
  4088 | D:4      | Killed a black bear
  4089 | D:4      | Reached XP level 6. HP: 17/45 MP: 3/13
  4296 | D:4      | Noticed Menkaure
  4310 | D:4      | Killed Menkaure
  4649 | D:4      | Learned a level 3 spell: Inner Flame
  5198 | D:5      | Entered Level 5 of the Dungeon
  5273 | D:5      | Reached XP level 7. HP: 41/50 MP: 8/15
  5341 | D:5      | Noticed Sigmund
  5356 | D:5      | Killed Sigmund
  5561 | D:5      | Found a staircase to the Ecumenical Temple.
  6057 | D:5      | Reached XP level 8. HP: 54/57 MP: 11/17
  6116 | D:5      | Slain by a steam dragon

Illustrated notes

Levels and vault maps discovered:
D:1:      minmay_arrival_hallway, layout_basic,
          shapermc_ecumenical_altar_rom_forum
D:2:      layout_basic, basic_altar, nrook_mini_backslash,
          ebering_dispersal_statue_hall, uniq_terence
D:3:      layout_rooms
D:4:      layout_cave_pools, mainiacjoe_overflow_catwalk, tso_oasis_becter,
          grunt_temple_overflow_open, uniq_menkaure
D:5:      layout_loops_ring, minmay_temple_entry_ruins, uniq_sigmund,
          uniq_crazy_yiuf_cottage

Skill      XL: |  1  2  3  4  5  6  7 |
---------------+----------------------+-----
Conjurations   | 1 2 3 4 |  4.0
Stealth        | 2 3 4 |  4.7
Dodging        | 2 3 4 |  4.3
Spellcasting   | 2 3 4 |  4.1
Fire Magic     | 3 4 |  4.8

Action                   |  1- 3 |  4- 6 |  7- 9 || total
-------------------------+-------+-------+-------++-------
Melee: Unarmed           |    10 |       |       ||    10
 Cast: Foxfire           |    77 |    81 |    39 ||   197
       Scorch            |     4 |    16 |     8 ||    28
  Use: Scroll            |     8 |     2 |       ||    10
Armor: Robe              |     8 |     2 |     5 ||    15
Dodge: Dodged            |    33 |    20 |    30 ||    83

Table legend: (Time is in decaauts)
 A = Elapsed time spent in this place.
 B = Non-inter-level travel time spent in this place.
 C = Inter-level travel time spent in this place.
 D = Time resting spent in this place.
 E = Time spent auto-exploring this place.
 F = Levels seen in this place.
 G = Mean time per level.
                   A        B        C        D        E       F      G
               +--------+--------+--------+--------+--------+-----+--------+
         Total |   6117 |   5910 |    207 |    663 |   4452 |   5 | 1223.4 |
       Dungeon |   6117 |   5910 |    207 |    663 |   4452 |   5 | 1223.4 |
               +--------+--------+--------+--------+--------+-----+--------+

Top non-repeatable levels by time:
     D:4: 1645 daAuts
     D:2: 1527 daAuts
     D:1: 1213 daAuts
     D:3: 875 daAuts
     D:5: 855 daAuts
